 Dungeon Crawl Stone Soup version 0.27.1-2-g3b301248ec (webtiles) character file.

Game seed: 18256047889968978103

1451 Urokeeper the Sneak (level 8, 0/34 (40) HPs)
             Began as a Spriggan Brigand on Sept 29, 2021.
             Was a Follower of Dithmenos.
             Slain by a wight (3 damage)
             ... on level 6 of the Dungeon.
             The game lasted 00:45:31 (8658 turns).

Urokeeper the Sneak (Spriggan Brigand)              Turns: 8658, Time: 00:45:31

HP:   0/34 (40)     AC:  6    Str:  7    XL:     8   Next: 47%
MP:   9/9           EV: 19    Int: 14    God:    Dithmenos [*.....]
Gold: 258           SH:  0    Dex: 17    Spells: 5/7 levels left

rFire    + . .     SeeInvis +   a - +2 dagger
rCold    x . .     Faith    .   (shield restricted)
rNeg     . . .     Spirit   .   p - +0 steam dragon scales
rPois    .         Reflect  .   (helmet restricted)
rElec    .         Harm     .   c - +0 cloak
rCorr    .         Rampage  .   (gloves unavailable)
Will     +....                  (boots unavailable)
Stlth    ++++......             f - amulet of the acrobat
HPRegen  0.11/turn              m - ring of fire
MPRegen  0.11/turn              (no ring)

@: wreathed by umbra, heavily drained, very quick
A: very small, no large weapons, unfitting armour, see invisible, speed 3
a: Renounce Religion


You were on level 6 of the Dungeon.
You worshipped Dithmenos.
Dithmenos was aware of your devotion.
You visited 2 branches of the dungeon, and saw 7 of its levels.

You collected 258 gold pieces.

Inventory:

Hand Weapons
 a - a +2 dagger (weapon)
 q - a +0 hunting sling
 w - a +0 rapier
Missiles
 d - 7 poisoned darts
 r - 96 stones
 s - 8 sling bullets
 B - 2 curare-tipped darts
Armour
 b - a +0 robe
 c - a +0 cloak (worn)
 p - +0 steam dragon scales (worn)
Jewellery
 f - an amulet of the acrobat (around neck)
 m - a ring of fire (left hand)
Wands
 e - a wand of flame (8) (quivered)
 i - a wand of charming (12)
 C - a wand of digging (4)
Scrolls
 h - a scroll of enchant weapon {unknown}
 j - a scroll of magic mapping {unknown}
 l - a scroll of brand weapon {unknown}
 n - a scroll of noise {unknown}
 o - a scroll of amnesia
 u - a scroll of enchant armour {unknown}
 x - a scroll of teleportation {unknown}
 y - a scroll of fear {unknown}
Potions
 g - a potion of berserk rage {unknown}
 k - a potion of curing {unknown}
 t - a potion of haste {unknown}
 v - a potion of lignification {unknown}
 z - a potion of brilliance {unknown}
 A - 2 potions of attraction {unknown}


   Skills:
 + Level 3.3 Fighting
 + Level 4.2 Short Blades
 + Level 7.2(7.9) Slings
 + Level 4.0(5.6) Throwing
 + Level 4.2 Dodging
 + Level 7.6 Stealth
 * Level 4.2 Hexes
 + Level 0.2 Evocations


You had 5 spell levels left.
You knew the following spells:

 Your Spells              Type           Power      Damage    Failure   Level
a - Slow                  Hex            11%        N/A       8%          2

Your spell library contained the following spells:

 Spells                   Type           Power      Damage    Failure   Level
 Confusing Touch          Hex            11%        N/A       16%         3
 Foxfire                  Conj/Fire      0%         2x1d4     28%         1
 Freeze                   Ice            0%         1d3       28%         1
 Inner Flame              Hex/Fire       8%         N/A       36%         3
 Cause Fear               Hex            5%         N/A       45%         4
 Conjure Flame            Conj/Fire      0%         6-21      65%         3
 Frozen Ramparts          Ice            0%         1d2       65%         3
 Vampiric Draining        Necr           0%         2d6       65%         3
 Hailstorm                Conj/Ice       0%         3d3       96%         4
 Discord                  Hex            5%         N/A       100%        8


Dungeon Overview and Level Annotations

Branches:
Dungeon (6/15)             Temple (1/1) D:5

Altars:
Ashenzari
Cheibriados
Dithmenos
Elyvilon
Fedhas
Gozag
Qazlal
Ru
Sif Muna
Vehumet
Wu Jian
Zin

Shops:
D:5 [


Innate Abilities, Weirdness & Mutations

You are very small and have problems with some larger weapons.
You are too small for most types of armour.
You have supernaturally acute eyesight. (SInv)
You cover ground extremely quickly. (Speed+++)


Message History

You hit the wight but do no damage. You closely miss the wight.
The wight completely misses you.
You hit the wight.
The wight is lightly damaged.
The wight misses you.
You hit the wight.
The wight is moderately damaged.
The wight hits you with a +3 dagger of freezing.
You feel drained. The wight freezes you.
You closely miss the wight.
The wight is moderately damaged.
The wight hits you with a +3 dagger of freezing.
The wight freezes you.
You hit the wight but do no damage.
The wight is moderately damaged.
You hit the wight but do no damage.
The wight is moderately damaged.
The wight hits you but does no damage.
You closely miss the wight.
The wight is moderately damaged.
The wight hits you with a +3 dagger of freezing.
The wight freezes you.
You hit the wight.
The wight is moderately damaged.
The wight misses you.
You closely miss the wight.
The wight is moderately damaged.
You hit the wight.
The wight is heavily damaged.
The wight hits you with a +3 dagger of freezing.
You feel drained. The wight freezes you.
You hit the wight.
The wight is severely damaged.
The wight barely misses you.
You hit the wight.
The wight is severely damaged.
The wight hits you with a +3 dagger of freezing!
* * * LOW HITPOINT WARNING * * *
You feel drained. The wight freezes you.
You die...

##### ..... .....>#
..### #.##..#
....#########.##..#
....#.........##..#
....#.........##..#
....#.....)...##..
..###.........##z#
...##.........##@#
.#.##.........##.#
....######....##.#
.............)##.#
....######....##.#
.....######.#)##.#
..........#.#.##.#
...#.####.#.#'##.#####
...#..###.#..........#


You could see a wight.

Vanquished Creatures
  A steam dragon (D:6)
  Duvessa (D:6)
  A sky beast (D:6)
  An ogre (D:6)
  A kobold brigand (D:4)
  4 scorpions (D:5)
  Dowan (D:6)
  A wyvern zombie (D:5)
  A wight (D:6)
  2 centaur zombies
  A jelly (D:6)
  2 centaur skeletons
  A gnoll shaman (D:6)
  5 iguanas
  Ijyb (D:3)
  An orc wizard (D:4)
  9 adders
  6 gnolls
  3 dart slugs (D:2)
  7 orcs
  8 ball pythons
  5 endoplasms
  A giant cockroach (D:4)
  10 goblins
  7 hobgoblins
  8 jackals
  3 kobolds
  A quokka (D:1)
  6 bats (D:5)
  7 frilled lizards
  5 rats
111 creatures vanquished.

Vanquished Creatures (others)
  8 fungi
  3 plants (D:5)
11 creatures vanquished.

Grand Total: 122 creatures vanquished

Notes
Turn   | Place    | Note
-------+----------+-------------------------------------------
     0 | D:1      | Urokeeper the Spriggan Brigand began the quest for the Orb.
     0 | D:1      | Reached XP level 1. HP: 10/10 MP: 2/2
    82 | D:1      | Reached XP level 2. HP: 9/14 MP: 3/3
  1084 | D:2      | Reached XP level 3. HP: 11/18 MP: 4/4
  1942 | D:3      | Reached XP level 4. HP: 14/23 MP: 5/5
  2271 | D:3      | Noticed Ijyb
  2307 | D:3      | Killed Ijyb
  2570 | D:3      | Learned a level 2 spell: Slow
  3147 | D:3      | Reached XP level 5. HP: 13/26 MP: 6/6
  3804 | D:4      | Reached skill level 1 in Slings
  4476 | D:3      | HP: 1/26 [adder (3)]
  4835 | D:4      | Reached XP level 6. HP: 16/30 MP: 7/7
  5137 | D:4      | Reached skill level 1 in Hexes
  5466 | D:4      | Found a glowing silver altar of Zin.
  5684 | D:5      | Entered Level 5 of the Dungeon
  5695 | D:5      | Found Dyeggaem's Armour Emporium.
  6118 | D:5      | Found a staircase to the Ecumenical Temple.
  6137 | Temple   | Entered the Ecumenical Temple
  6148 | Temple   | Became a worshipper of Dithmenos the Shadowed
  6429 | D:5      | Reached XP level 7. HP: 23/35 MP: 8/8
  6647 | D:5      | Found a stormy altar of Qazlal.
  6744 | D:5      | Found a blossoming altar of Fedhas.
  6888 | D:5      | Reached skill level 5 in Slings
  6897 | D:5      | Found the +7 Singing Sword {vorpal, sonic wave}
  7390 | D:6      | Reached * piety under Dithmenos
  7481 | D:6      | Noticed a steam dragon
  7872 | D:6      | Killed a steam dragon
  7873 | D:6      | Reached XP level 8. HP: 35/40 MP: 9/9
  8225 | D:6      | Noticed Dowan
  8228 | D:6      | Noticed Duvessa
  8246 | D:6      | Killed Duvessa
  8252 | D:6      | Killed Dowan
  8658 | D:6      | Slain by a wight

Illustrated notes

Levels and vault maps discovered:
D:1:      dpeg_arrival_tiny_k, layout_rooms, serial_bayou_crossing
D:2:      layout_basic
D:3:      kennysheep_the_goblin_king, layout_loops_cross
D:4:      layout_basic, mainiacjoe_overflow_boulevard
D:5:      old_forge, layout_rooms, mainiacjoe_overflow_small_starburst,
          fedhas_altar_decomposition, minmay_temple_entry_statues, serial_shops,
          kennysheep_little_box
D:6:      layout_basic, chequers_serial_rivers_room_b, uniq_duvessa
Temple:   cyrus_circular_temple

Skill      XL: |  1  2  3  4  5  6  7  8 |
---------------+-------------------------+-----
Stealth        | 6 7 |  7.6
Dodging        | 2 3 4 |  4.2
Short Blades   | 3 4 |  4.2
Fighting       | 2 3 |  3.3
Throwing       | 3 4 |  4.0
Slings         | 2 4 6 7 |  7.2
Hexes          | 2 3 4 |  4.2
Evocations     | |  0.2

Action                   |  1- 3 |  4- 6 |  7- 9 || total
-------------------------+-------+-------+-------++-------
Melee: Dagger            |    94 |   148 |    48 ||   290
       Rapier            |       |    26 |    62 ||    88
 Fire: Hunting sling     |       |   117 |    90 ||   207
Throw: Dart              |    40 |    49 |    26 ||   115
       Stone             |       |     1 |     1 ||     2
Evoke: Wand              |       |     3 |     8 ||    11
  Use: Scroll            |       |       |     1 ||     1
 Stab: Sleeping          |     8 |     2 |     3 ||    13
Armor: Robe              |    13 |    15 |    13 ||    41
       Steam dragon scal |       |       |     4 ||     4
Dodge: Dodged            |    58 |   147 |   110 ||   315
